 Dungeon Crawl Stone Soup version bcrawl-1.22 (webtiles) character file.

Game seed: 4637380121967977097

1796 pasperui the Ducker (level 9, -2/73 HPs)
             Began as a Gnoll Reaver on May 15, 2020.
             Was an Elder of Vehumet.
             Splashed by an oklob plant's acid (16 damage)
             ... on level 6 of the Dungeon.
             The game lasted 00:18:34 (6005 turns).

pasperui the Ducker (Gnoll Reaver)                  Turns: 6005, Time: 00:18:34

Health: -2/73      AC:  8    Str: 16    XL:     9   Next: 9%
Magic:  18/18      EV: 17    Int: 17    God:    Vehumet [****..]
Gold:   436        SH:  5    Dex: 14    Spells: 10/20 levels left

rFire    . . .     SeeInvis .   I - +5 flail (protect)
rCold    . . .     Gourm    .   P - +0 buckler
rNeg     . . .     Faith    .   b - +1 steam dragon scales
rPois    .         Spirit   .   (no helmet)
rElec    .         Reflect  .   (no cloak)
rCorr    .         Harm     .   (no gloves)
MR       .....                  O - +1 pair of boots
Stlth    ++........             N - amulet of magic regeneration
HPRegen  0.22/turn              r - +4 ring of slaying
MPRegen  0.41/turn              (no ring)

@: corroded, protection aura
A: distributed training, fangs 1, strong nose
a: Renounce Religion


You were on level 6 of the Dungeon.
You worshipped Vehumet.
Vehumet was greatly pleased with you.
You were not hungry.

You visited 1 branch of the dungeon, and saw 6 of its levels.

You collected 436 gold pieces.

Inventory:

Hand Weapons
 a - a +0 long sword
 k - a +0 hunting sling
 s - a +0 whip
 A - a +0 blowgun
 G - a -1 war axe
 I - a +5 flail of protection (weapon)
 K - the cursed +0 short sword "Hell-Harrower" {venom, *Contam rElec Dex+5 Stlth-, unknown}
   (You found it on level 5 of the Dungeon)

   It poisons the flesh of those it strikes.
   It affects your dexterity (+5).
   It insulates you from electricity.
   It causes magical contamination when unequipped.
   It makes you less stealthy.
   It has a curse placed upon it.
Missiles
 g - 997 stones
 m - 559 bolts
 t - 139 tomahawks (quivered)
 w - 825 arrows
 x - 41 javelins
 B - 117 poisoned needles
 C - 627 sling bullets
 F - 150 poisoned tomahawks
Armour
 b - +1 steam dragon scales (worn)
 O - a +1 pair of boots (worn)
 P - a +0 buckler (worn)
Magical Staves
 Q - an uncursed staff of power {unknown}
Jewellery
 r - a +4 ring of slaying (left hand)
 N - an amulet of magic regeneration (around neck)
Wands
 h - a wand of disintegration (4)
 H - a wand of polymorph (8)
Scrolls
 i - a scroll of immolation
 n - 2 scrolls of teleportation
 p - 8 scrolls of identify
 u - 2 scrolls of amnesia
 y - 4 scrolls of remove curse
 E - a scroll of magic mapping {unknown}
 M - a scroll of fear {unknown}
Potions
 c - 2 potions of haste
 d - 3 potions of curing {unknown}
 f - 2 potions of berserk rage {unknown}
 j - 3 potions of might
 l - 2 potions of lignification
 o - a potion of magic {unknown}
 q - 3 potions of mutation {unknown}
 v - a potion of brilliance {unknown}
 z - a potion of resistance {unknown}
 D - 2 potions of heal wounds {unknown}
 L - a potion of agility {unknown}
Comestibles
 e - 13 rations {!d}
 J - 3 chunks of flesh


   Skills:
 + Level 7.6 Fighting
 + Level 3.8 Short Blades
 + Level 7.6 Long Blades
 + Level 3.8 Axes
 + Level 3.8 Maces & Flails
 + Level 3.8 Polearms
 + Level 3.8 Staves
 + Level 3.8 Slings
 + Level 3.8 Bows
 + Level 3.8 Crossbows
 + Level 3.8 Throwing
 + Level 3.8 Armour
 + Level 7.6 Dodging
 + Level 3.8 Stealth
 + Level 3.8 Shields
 + Level 3.8 Unarmed Combat
 + Level 6.3 Spellcasting
 + Level 3.1 Conjurations
 + Level 3.1 Hexes
 + Level 3.1 Charms
 + Level 3.1 Summonings
 + Level 3.1 Necromancy
 + Level 3.1 Translocations
 + Level 3.1 Transmutations
 + Level 3.1 Fire Magic
 + Level 3.1 Ice Magic
 + Level 3.1 Air Magic
 + Level 3.1 Earth Magic
 + Level 3.1 Poison Magic
 + Level 4.2 Invocations
 + Level 3.8 Evocations


You had 10 spell levels left.
You knew the following spells:

 Your Spells              Type           Power        Failure   Level  Hunger
a - Flame Tongue          Conj/Fire      ###..        1%          1    None
b - Airstrike             Air            ###.......   9%          4    ####...
c - Fireball              Conj/Fire      ###.......   24%         5    #####..

Your spell library contained the following spells:

 Spells                   Type           Power        Failure   Level  Hunger
 Dazzling Spray           Conj/Hex       ###...       2%          3    ##.....
 Corona                   Hex            ###....      3%          1    None
 Ensorcelled Hibernation  Hex/Ice        ###...       4%          2    None
 Confuse                  Hex            ###.....     10%         3    ##.....
 Tukima's Dance           Hex            ###.....     10%         3    ##.....
 Iskenderun's Battlesphe  Conj/Chrm      ###.....     24%         5    #####..


Dungeon Overview and Level Annotations

Branches:
Dungeon (6/12)             Temple (0/1) D:5

Altars:
Ashenzari
Cheibriados
Elyvilon
Fedhas
Ru
Sif Muna
Uskayaw
Yredelemnul
The Shining One

Annotations:
D:6 exclusion: oklob plant


Innate Abilities, Weirdness & Mutations

Your experience applies equally to all skills.
You have very sharp teeth.
Your uncanny sense of smell can sniff out nearby items.


Message History

The ooze hits you but does no damage. The oklob plant spits acid at you.
The splash of acid hits you but does no damage.
The acid corrodes you!
You are splashed with acid!
The ooze hits you but does no damage.
You hit the oklob plant but do no damage.
The oklob plant is severely damaged.
The ooze barely misses you.
You thump the oklob plant!
The oklob plant is almost destroyed.
The oklob plant spits acid at you. The splash of acid hits you!
You are splashed with acid!
You block the ooze's attack.
You hit the oklob plant but do no damage.
The oklob plant is almost destroyed.
The oklob plant spits acid at you. The splash of acid hits you!
* * * LOW HITPOINT WARNING * * *
The acid corrodes you!
You are splashed with acid!
You die...

......รท.....<...
###.####...##### .#
##.## #...# .#
##...###...# .#
#...<.###.## ##### ##.#
..........####..P####..#
#.....###.##.......##..#
##...## #.##...PPP.'...#
##.## #..#...J@..##..#
#..# #.####...####.##
#.## ##.## ##### #.#
####### ##.#####...###.#
#.# #......
#..............# #.#
#.##### #..#####...##..#
#.# #.# #..#####...##..#
#.# #.# ...............#
#.# #.# #..###^....##.##
####.#####.#####


You could see an oklob plant and an ooze.

Vanquished Creatures
  Eustachio (D:6)
  Menkaure (D:4)
  An ice beast (D:5)
  2 ogres
  Blork the orc (D:4)
  5 scorpions
  2 crimson imps
  2 hounds
  5 jellies (D:6)
  A centaur skeleton (D:5)
  An orc priest (D:4)
  2 orc wizards
  Terence (D:2)
  Natasha (thrice) (D:3)
  4 worker ants
  A howler monkey zombie (D:5)
  Robin (D:2)
  A howler monkey skeleton (D:4)
  12 adders
  A gnoll (D:1)
  11 oozes
  4 adder skeletons
  4 worms
  3 dart slugs
  4 leopard geckos
  17 orcs
  10 bats
  2 giant cockroaches
  15 goblins
  16 hobgoblins
  9 jackals
  12 kobolds
  3 quokkas
  4 ball pythons
  5 frilled lizards
  A jackal skeleton (D:4)
  14 rats
  A fungus (D:4)
183 creatures vanquished.

Vanquished Creatures (others)
  A quokka (D:3)
  12 fungi
13 creatures vanquished.

Grand Total: 196 creatures vanquished

Notes
Turn   | Place    | Note
-------+----------+-------------------------------------------
     0 | D:1      | pasperui the Gnoll Reaver began the quest for the Orb.
     0 | D:1      | Reached XP level 1. HP: 23/23 MP: 6/6
   204 | D:1      | Reached XP level 2. HP: 28/29 MP: 7/7
   239 | D:1      | Reached XP level 3. HP: 35/35 MP: 9/9
   298 | D:1      | Reached skill level 5 in Spellcasting
   663 | D:1      | Reached * piety under Vehumet
   663 | D:1      | Offered knowledge of Flame Tongue by Vehumet.
   668 | D:1      | Learned a level 1 spell: Flame Tongue
   781 | D:1      | Reached skill level 1 in Invocations
   984 | D:2      | Noticed Robin
  1009 | D:2      | Reached skill level 1 in Short Blades
  1009 | D:2      | Reached skill level 1 in Axes
  1009 | D:2      | Reached skill level 1 in Maces & Flails
  1009 | D:2      | Reached skill level 1 in Polearms
  1009 | D:2      | Reached skill level 1 in Staves
  1009 | D:2      | Reached skill level 1 in Slings
  1009 | D:2      | Reached skill level 1 in Bows
  1009 | D:2      | Reached skill level 1 in Crossbows
  1009 | D:2      | Reached skill level 1 in Throwing
  1009 | D:2      | Reached skill level 1 in Armour
  1009 | D:2      | Reached skill level 1 in Stealth
  1009 | D:2      | Reached skill level 1 in Shields
  1009 | D:2      | Reached skill level 1 in Unarmed Combat
  1009 | D:2      | Reached skill level 1 in Evocations
  1027 | D:2      | Reached XP level 4. HP: 32/41 MP: 11/11
  1037 | D:2      | Killed Robin
  1182 | D:2      | Offered knowledge of Magic Dart by Vehumet.
  1199 | D:2      | Reached ** piety under Vehumet
  1391 | D:2      | Reached skill level 1 in Conjurations
  1391 | D:2      | Reached skill level 1 in Hexes
  1391 | D:2      | Reached skill level 1 in Charms
  1391 | D:2      | Reached skill level 1 in Summonings
  1391 | D:2      | Reached skill level 1 in Necromancy
  1391 | D:2      | Reached skill level 1 in Translocations
  1391 | D:2      | Reached skill level 1 in Transmutations
  1391 | D:2      | Reached skill level 1 in Fire Magic
  1391 | D:2      | Reached skill level 1 in Ice Magic
  1391 | D:2      | Reached skill level 1 in Air Magic
  1391 | D:2      | Reached skill level 1 in Earth Magic
  1391 | D:2      | Reached skill level 1 in Poison Magic
  1557 | D:2      | Found a shimmering blue altar of Sif Muna.
  1715 | D:2      | Noticed Terence
  1733 | D:2      | Killed Terence
  1733 | D:2      | Reached XP level 5. HP: 15/47 MP: 1/12
  1995 | D:3      | Noticed Natasha
  1999 | D:3      | Killed Natasha
  2107 | D:3      | Found a white marble altar of Elyvilon.
  2249 | D:3      | Noticed Natasha
  2258 | D:3      | Killed Natasha
  2258 | D:3      | Reached XP level 6. HP: 52/53 MP: 9/13
  2404 | D:3      | Found a faded altar of an unknown god.
  2411 | D:3      | Noticed Natasha
  2422 | D:3      | Killed Natasha
  2441 | D:3      | Found a blossoming altar of Fedhas.
  2726 | D:3      | Offered knowledge of Throw Frost by Vehumet.
  3043 | D:4      | Found a snail-covered altar of Cheibriados.
  3057 | D:4      | Reached *** piety under Vehumet
  3146 | D:4      | Reached XP level 7. HP: 59/59 MP: 15/15
  3491 | D:4      | Offered knowledge of Airstrike by Vehumet.
  3499 | D:4      | Learned a level 4 spell: Airstrike
  3501 | D:4      | Noticed Menkaure
  3514 | D:4      | Killed Menkaure
  3927 | D:4      | Found a glowing golden altar of the Shining One.
  3939 | D:4      | Found a hide-covered altar of Uskayaw.
  3944 | D:4      | Reached XP level 8. HP: 65/67 MP: 16/16
  3992 | D:4      | Found a basalt altar of Yredelemnul.
  4183 | D:4      | Noticed Blork the orc
  4213 | D:4      | Killed Blork the orc
  4804 | D:5      | Entered Level 5 of the Dungeon
  4813 | D:5      | Got an ivory short sword
  4860 | D:5      | Found a staircase to the Ecumenical Temple.
  4987 | D:5      | Found a sacrificial altar of Ru.
  5022 | D:5      | Reached **** piety under Vehumet
  5063 | D:5      | Found a shattered altar of Ashenzari.
  5451 | D:6      | Offered knowledge of Fireball by Vehumet.
  5459 | D:6      | Learned a level 5 spell: Fireball
  5800 | D:6      | Noticed Eustachio
  5817 | D:6      | Killed Eustachio
  5918 | D:6      | Noticed an oklob plant
  5929 | D:6      | Reached XP level 9. HP: 72/72 MP: 15/18
  6005 | D:6      | Splashed by an oklob plant's acid

Skill      XL: |  1  2  3  4  5  6  7  8 |
---------------+-------------------------+-----
Spellcasting   | 5 6 |  6.3
Invocations    | 1 2 3 4 |  4.2
Short Blades   | 1 2 3 |  3.8
Axes           | 1 2 3 |  3.8
Maces & Flails | 1 2 3 |  3.8
Polearms       | 1 2 3 |  3.8
Staves         | 1 2 3 |  3.8
Slings         | 1 2 3 |  3.8
Bows           | 1 2 3 |  3.8
Crossbows      | 1 2 3 |  3.8
Throwing       | 1 2 3 |  3.8
Armour         | 1 2 3 |  3.8
Stealth        | 1 2 3 |  3.8
Shields        | 1 2 3 |  3.8
Unarmed Combat | 1 2 3 |  3.8
Evocations     | 1 2 3 |  3.8
Conjurations   | 1 2 3 |  3.1
Hexes          | 1 2 3 |  3.1
Charms         | 1 2 3 |  3.1
Summonings     | 1 2 3 |  3.1
Necromancy     | 1 2 3 |  3.1
Translocations | 1 2 3 |  3.1
Transmutations | 1 2 3 |  3.1
Fire Magic     | 1 2 3 |  3.1
Ice Magic      | 1 2 3 |  3.1
Air Magic      | 1 2 3 |  3.1
Earth Magic    | 1 2 3 |  3.1
Poison Magic   | 1 2 3 |  3.1
Fighting       | 7 |  7.6
Long Blades    | 7 |  7.6
Dodging        | 7 |  7.6

Action                   |  1- 3 |  4- 6 |  7- 9 || total
-------------------------+-------+-------+-------++-------
Melee: Long sword        |   119 |   153 |    72 ||   344
       Bite              |    10 |    16 |    30 ||    56
       Punch             |     1 |     1 |       ||     2
       Flail             |       |       |   137 ||   137
       Unarmed           |       |       |    16 ||    16
 Cast: Flame Tongue      |     1 |    39 |    29 ||    69
  Use: Scroll            |     5 |     1 |       ||     6
       Potion            |       |       |     1 ||     1
 Stab: Sleeping          |     1 |     6 |     5 ||    12
  Eat: Chunk             |       |     7 |     6 ||    13
       Ration            |       |       |     1 ||     1
Armor: Ring mail         |    17 |       |       ||    17
       Steam dragon scal |    10 |    30 |    54 ||    94
       Skin              |       |       |     1 ||     1
Dodge: Dodged            |   104 |   133 |   153 ||   390
Block: Other             |     3 |    14 |     2 ||    19
       Buckler           |       |       |    11 ||    11
